 Dungeon Crawl Stone Soup version 0.28.0-49-g6dfe1f597d (webtiles) character file.

Game seed: 16571909013803788792

1110 Zeld the Magician (level 8, -2/41 HPs)
             Began as a Deep Elf Fire Elementalist on May 19, 2022.
             Slain by Duvessa
             ... wielding a +0 rapier
              (11 damage)
             ... on level 5 of the Dungeon.
             The game lasted 00:06:07 (6514 turns).

Zeld the Magician (Deep Elf Fire Elementalist)      Turns: 6514, Time: 00:06:07

Health: -2/41      AC:  2    Str:  5    XL:     8   Next: 11%
Magic:  15/21      EV: 14    Int: 23    God:
Gold:   186        SH:  0    Dex: 15    Spells: 15/22 levels left

rFire   . . .      SeeInvis .   (no weapon)
rCold   . . .      Faith    .   (no shield)
rNeg    . . .      Spirit   .   a - +0 robe
rPois   .          Reflect  .   (no helmet)
rElec   .          Harm     .   (no cloak)
rCorr   .          Rampage  .   (no gloves)
Will    .....                   (no boots)
Stlth   ++........              (no amulet)
HPRegen 0.13/turn               (no ring)
MPRegen 0.17/turn               (no ring)

@: no status effects
A: no striking features
a: no special abilities


You were on level 5 of the Dungeon.
You visited 1 branch of the dungeon, and saw 5 of its levels.
You also visited: Sewer.

You collected 283 gold pieces.
You spent 97 gold pieces at shops.

Inventory:

Armour
 a - a +0 robe (worn)
Wands
 h - a wand of polymorph (21)
 n - a wand of paralysis (4)
Scrolls
 b - 3 scrolls of amnesia
 d - a scroll of noise {unknown}
 f - 3 scrolls of identify
 g - 2 scrolls of magic mapping
 i - 3 scrolls of teleportation {unknown}
 k - a scroll of immolation {unknown}
 l - 2 scrolls of vulnerability {unknown}
 m - a scroll of holy word {unknown}
 p - a scroll of enchant armour {unknown}
Potions
 c - a potion of lignification {unknown}
 e - a potion of haste {unknown}
 j - 3 potions of curing {unknown}


   Skills:
 + Level 5.1 Dodging
 - Level 2.4 Stealth
 * Level 7.7 Spellcasting
 + Level 4.2 Conjurations
 * Level 7.0 Fire Magic


You had 15 spell levels left.
You knew the following spells:

 Your Spells              Type           Power      Damage    Failure   Level
a - Foxfire               Conj/Fire      100%       2x1d9     1%          1
b - Scorch                Fire           82%        2d9       1%          2
c - Flame Wave            Conj/Fire      34%        2d8       7%          4

Your spell library contained the following spells:

 Spells                   Type           Power      Damage    Failure   Level
 Conjure Flame            Conj/Fire      34%        6-21      2%          3
 Inner Flame              Hex/Fire       25%        N/A       4%          3


Dungeon Overview and Level Annotations

Branches:
Dungeon (5/15)              Sewer (visited)
 Temple: D:4-7

Altars:
Cheibriados
Elyvilon
Gozag
Makhleb
Nemelex Xobeh
Ru
Yredelemnul

Shops:
D:1 [   D:3 ?

Annotations:
D:4 1 runed translucent door, Crazy Yiuf
D:5 2 transporters, Duvessa; nickcage's ghost, amateur MiGl


Message History

Duvessa hits you with a +0 rapier!
Dowan hits you with a +0 dagger of flaming.
Dowan burns you.
A wave of flame ripples out!
The flame wave engulfs Dowan!
You kill Dowan!
Duvessa weeps, and shakes her weapon.
Duvessa goes berserk!
The flame wave engulfs Duvessa.
Duvessa is lightly wounded.
The flame wave engulfs the ogre!
The ogre is moderately wounded.
You finish channelling waves of flame.
Duvessa misses you.
Your Fire Magic skill increases to level 7!
Unknown command.
Unknown command.
Unknown command.
Blink to where?
Press: ? - help, Dir - move target
As you read the scroll of blinking, it crumbles to dust.
You hear a shout!
As you read the scroll of identify, it crumbles to dust.
b - 3 scrolls of amnesia
Okay, then.
Duvessa rages.
Duvessa hits you with a +0 rapier!
Aiming: Paralyse
Press: ? - help, Shift-Dir - straight line, f - Duvessa
Aim: Duvessa, wielding a +0 rapier and wearing a +0 ring mail (lightly wounded, berserk, chance to affect: 31%) Duvessa easily resists.
Duvessa hits you with a +0 rapier!
* * * LOW HITPOINT WARNING * * *
An ogre comes into view. It is wielding a +0 giant club.
Unknown command.
You don't have any such object.
Evoke which item? (* to show all) (? for menu, Esc to quit)
Okay, then.
Unknown command.
Aiming: Paralyse
Press: ? - help, Shift-Dir - straight line, f/p - Duvessa
Aim: Duvessa, wielding a +0 rapier and wearing a +0 ring mail (lightly wounded, berserk, chance to affect: 31%) Duvessa easily resists.
Duvessa hits you with a +0 rapier!
You die...

############## ##............#
################..########.≈.#
.......#.......e@##≈≈≈≈.≈≈≈≈.#
..)....#......####≈.≈≈≈≈≈≈.≈##
O......#......# #..#########
.###...#.O....# #..≈≈≈≈≈≈##
.###...#.O....# ##≈≈≈.÷.≈≈##
..............# ##≈≈≈≈≈≈..#
.###..........# #########..#
.###.......#### ##.≈≈≈≈≈≈≈.≈#
......###### ###.≈.≈.≈≈≈÷≈##


You could see Duvessa (berserk) and an ogre.

Vanquished Creatures
  Eustachio (D:4)
  Edmund (D:4)
  A necrophage (D:5)
  An ogre (D:4)
  A scorpion (D:4)
  2 bullfrogs (Sewer)
  Dowan (D:5)
  A howler monkey (D:4)
  A hound (D:5)
  A centaur skeleton (D:5)
  A gnoll shaman (D:5)
  2 jellies
  2 iguanas
  2 hound skeletons (D:4)
  4 gnolls (D:5)
  6 adders
  A white imp (D:5)
  A worm (D:2)
  2 dart slugs
  5 orcs
  10 endoplasms
  11 giant cockroaches
  4 goblins
  A hobgoblin (D:2)
  6 jackals
  16 quokkas
  9 ball pythons
  2 bats (D:3)
  8 frilled lizards
  2 kobolds
  A rat (D:2)
107 creatures vanquished.

Vanquished Creatures (others)
  31 foxfires
31 creatures vanquished.

Grand Total: 138 creatures vanquished

Notes
Turn   | Place    | Note
-------+----------+-------------------------------------------
     0 | D:1      | Zeld the Deep Elf Fire Elementalist began the quest for the
                  | Orb.
     0 | D:1      | Reached XP level 1. HP: 10/10 MP: 6/6
   211 | D:1      | Found Wuntoasu's Armour Shoppe.
   385 | D:1      | Reached XP level 2. HP: 15/15 MP: 6/8
   408 | D:1      | Learned a level 2 spell: Scorch
  1713 | D:3      | Found a sacrificial altar of Ru.
  1770 | D:3      | Reached XP level 3. HP: 19/19 MP: 5/10
  2280 | D:3      | Identified the +5 chain mail of Restlessness {Rampage rC+
                  | rCorr}
  2641 | D:3      | Reached XP level 4. HP: 21/24 MP: 7/12
  2800 | D:3      | Learned a level 4 spell: Flame Wave
  2805 | D:3      | Found Tagakk's Magic Scroll Boutique.
  2806 | D:3      | Found a white marble altar of Elyvilon.
  2806 | D:3      | Found a sparkling altar of Nemelex Xobeh.
  2806 | D:3      | Found a snail-covered altar of Cheibriados.
  2806 | D:3      | Found a basalt altar of Yredelemnul.
  2808 | D:3      | Found a burning altar of Makhleb.
  2808 | D:3      | Found an opulent altar of Gozag.
  2832 | D:3      | Bought a scroll of identify for 26 gold pieces
  2832 | D:3      | Bought a scroll of identify for 26 gold pieces
  2832 | D:3      | Bought a scroll of magic mapping for 45 gold pieces
  2968 | D:4      | Reached XP level 5. HP: 24/28 MP: 2/14
  3356 | D:4      | Noticed an ogre
  3368 | D:4      | Killed an ogre
  3369 | D:4      | Reached skill level 5 in Spellcasting
  3369 | D:4      | Reached skill level 5 in Fire Magic
  3462 | D:4      | Noticed Edmund
  3469 | D:4      | Killed Edmund
  3470 | D:4      | Reached XP level 6. HP: 13/32 MP: 2/16
  3941 | D:4      | Found a runed translucent door.
  3942 | D:4      | Noticed Crazy Yiuf
  4188 | D:4      | Noticed Eustachio
  4193 | D:4      | Killed Eustachio
  4194 | D:4      | Reached XP level 7. HP: 22/36 MP: 7/18
  4534 | D:5      | Entered Level 5 of the Dungeon
  4637 | D:5      | Found a transporter.
  4667 | D:5      | Found a transporter.
  4875 | D:5      | Found a glowing drain.
  4884 | Sewer    | Entered a sewer
  6091 | D:5      | Noticed nickcage's ghost (amateur MiGl)
  6123 | D:5      | Reached skill level 5 in Dodging
  6126 | D:5      | Reached XP level 8. HP: 41/41 MP: 9/21
  6494 | D:5      | Noticed Duvessa
  6496 | D:5      | Noticed Dowan
  6502 | D:5      | Killed Dowan
  6514 | D:5      | Slain by Duvessa

Illustrated notes

Levels and vault maps discovered:
D:1:      lemuel_arrival_behind_the_door_large, layout_basic, serial_shops, shop
D:2:      layout_basic, minivault_23, chequers_serial_rivers_micro_e
D:3:      layout_loops_cross, nicolae_ru_sacrificial_ziggurat,
          grunt_temple_overflow_open, serial_shops, shop_statue, minivault_19
D:4:      layout_loops_corners, chequers_arboretum, uniq_edmund, uniq_eustachio,
          uniq_crazy_yiuf_cottage
D:5:      layout_basic, gammafunk_ghost_abyssal_escape, gup_sewer_entry_pipe,
          minmay_misc_feat_chi, nrook_loot_triangle, minmay_hedge_maze,
          uniq_duvessa, uniq_sigmund

Skill      XL: |  1  2  3  4  5  6  7  8 |
---------------+-------------------------+-----
Dodging        | 3 4 5 |  5.1
Spellcasting   | 4 5 6 7 |  7.7
Fire Magic     | 4 5 6 7 |  7.0
Conjurations   | 2 3 4 |  4.2
Stealth        | |  2.4

Action                   |  1- 3 |  4- 6 |  7- 9 || total
-------------------------+-------+-------+-------++-------
Melee: Unarmed           |    10 |       |    13 ||    23
       Punch             |       |       |     1 ||     1
 Cast: Foxfire           |    14 |     3 |       ||    17
       Scorch            |    33 |    32 |    86 ||   151
       Flame Wave        |       |       |     1 ||     1
Evoke: Wand              |       |       |     2 ||     2
  Use: Scroll            |       |       |     2 ||     2
Armor: Robe              |     1 |       |     2 ||     3
Dodge: Dodged            |    34 |     6 |    27 ||    67
